 Dungeon Crawl Stone Soup version 0.31.0-11-ge490571c62 (webtiles) character file.

Game seed: 14878239362958573196

907 qw the Skirmisher (level 7, -4/35 HPs)
             Began as a Spriggan Hunter on Feb 4, 2024.
             Was an Initiate of Okawaru.
             Incinerated by a bombardier beetle (5 damage)
             ... with a burning spray
             ... on level 5 of the Dungeon.
             The game lasted 00:00:18 (3957 turns).

qw the Skirmisher (Spriggan Hunter)                 Turns: 3957, Time: 00:00:18

Health: -4/35      AC:  2    Str:  7    XL:     7   Next: 81%
Magic:  8/8        EV: 23    Int: 10    God:    Okawaru [......]
Gold:   268        SH:  0    Dex: 21    Spells: 6/6 levels left

rFire   . . .        a - +1 shortbow
rCold   . . .        (shield currently unavailable)
rNeg    . . .        c - +0 robe
rPois   .            (helmet restricted)
rElec   .            (no cloak)
rCorr   .            (gloves unavailable)
SInv    +            (boots unavailable)
Will    +....        (no amulet)
Stlth   +            (no ring)
HPRegen 0.25/turn    (no ring)
MPRegen 0.11/turn

%: no passive effects
@: on fire, glowing, very quick
A: very small, no large weapons, unfitting armour, see invisible, speed 3
a: Renounce Religion


You were on level 5 of the Dungeon.
You worshipped Okawaru.
Okawaru was noncommittal.
You visited 2 branches of the dungeon, and saw 6 of its levels.

You collected 268 gold pieces.


Innate Abilities, Weirdness & Mutations

You are very small and have problems with some larger weapons.
You are too small for most types of armour.
You have supernaturally acute eyesight. (SInv)
You cover ground extremely quickly. (Speed+++)


   Skills:
 - Level 2.3 Fighting
 - Level 8.1 Ranged Weapons
 + Level 7.2 Dodging
 - Level 1.5 Stealth


You had 6 spell levels left.
You didn't know any spells.
Your spell library was empty.

Inventory:

Hand Weapons
 a - a +1 shortbow (weapon)
Armour
 c - a +0 robe (worn)
Wands
 n - a wand of quicksilver (7)
Scrolls
 m - a scroll of enchant armour
Potions
 b - a potion of enlightenment {unknown}
 e - 2 potions of might
 f - 2 potions of resistance
 g - a potion of curing {unknown}
 h - a potion of brilliance {unknown}
 i - a potion of haste
 j - 2 potions of heal wounds
 k - a potion of mutation
 l - a potion of attraction {unknown}

Dungeon Overview and Level Annotations

Branches:
Dungeon (5/15)             Temple (1/1) D:5

Altars:
Ashenzari
Cheibriados
Dithmenos
Elyvilon
Fedhas
Gozag
Hepliaklqana
Kikubaaqudgha
Makhleb
Nemelex Xobeh
Okawaru
Ru
Sif Muna
Uskayaw
Vehumet
Wu Jian
Yredelemnul
Zin

Shops:
D:3 =


Message History

You shoot an arrow. The arrow hits the bombardier beetle.
The bombardier beetle is heavily wounded.
The bombardier beetle completely misses you.
You shoot an arrow.
The arrow closely misses the bombardier beetle.
The bombardier beetle sprays incendiary fluid at you.
The burning spray hits you.
You are covered in liquid fire!
You shoot an arrow. The arrow hits the bombardier beetle.
The bombardier beetle is almost dead.
The liquid fire burns you!
You shoot an arrow.
The arrow barely misses the bombardier beetle.
The liquid fire burns you! The bombardier beetle misses you.
You shoot an arrow.
The arrow barely misses the bombardier beetle.
The liquid fire burns you!
You shoot an arrow.
The arrow hits the bombardier beetle but does no damage.
The bombardier beetle is almost dead.
The liquid fire burns you!
The bombardier beetle closely misses you.
You shoot an arrow. The arrow hits the bombardier beetle.
You kill the bombardier beetle!
Okawaru accepts your kill. The liquid fire burns you!
You are on fire!
The liquid fire burns you!
You are on fire!
The liquid fire burns you!
You are on fire!
The liquid fire burns you!
You are on fire!
The liquid fire burns you!
You are on fire!
The liquid fire burns you!
You are on fire!
The liquid fire burns you!
You die...

#### #.?# #..#
#..# # #..# .#
#.. #..# ##+
#%##....#
...#####@......#
...............#
........###+####
........# #.#
........###.#
........#...#
..........#.#
.........##.#
........###.#


There were no monsters in sight!

Vanquished Creatures
  A black bear (D:4)
  3 ogres
  A phantom (D:4)
  2 bombardier beetles
  2 jellies (D:2)
  A hound (D:4)
  An orc priest (D:4)
  An iguana (D:4)
  10 gnolls
  9 adders
  3 dart slugs
  4 orcs
  15 endoplasms
  2 giant cockroaches (D:2)
  8 hobgoblins
  2 jackals (D:2)
  16 kobolds
  2 quokkas
  7 ball pythons
  7 bats
  6 frilled lizards
  5 goblins
  5 rats
113 creatures vanquished.

Notes
Turn   | Place    | Note
-------+----------+-------------------------------------------
     0 | D:1      | qw the Spriggan Hunter began the quest for the Orb.
     0 | D:1      | Reached XP level 1. HP: 10/10 MP: 2/2
     0 | D:1      | 0 ||| qw: Version: 0.3-a-160-g6735b56
     0 | D:1      | 0 ||| qw: Game counter: 4864
     0 | D:1      | 0 ||| qw: Melee chars always use a shield: true
     0 | D:1      | 0 ||| qw: God list: Okawaru
     0 | D:1      | 0 ||| qw: Allow faded altars: false
     0 | D:1      | 0 ||| qw: Do Orc after clearing Dungeon:15 true
     0 | D:1      | 0 ||| qw: Do second Lair branch before Depths: true
     0 | D:1      | 0 ||| qw: Lair rune preference: random
     0 | D:1      | 0 ||| qw: Goals: Normal
     0 | D:1      | 0 ||| PLANNING D:1-11
    11 | D:1      | Reached skill level 3 in Dodging
   108 | D:1      | Reached XP level 2. HP: 14/14 MP: 3/3
   638 | D:1      | 638 ||| READING 2 scrolls labelled RAYTUM DAENUWK.
   642 | D:1      | 642 ||| READING scroll labelled IGE ZOQAENIN.
   643 | D:1      | 643 ||| READING 2 scrolls labelled VADOLE FEBIUN.
   643 | D:1      | 643 ||| IDENTIFYING silvery potion
   644 | D:1      | 644 ||| READING scroll of identify.
   644 | D:1      | 644 ||| IDENTIFYING inky potion
   645 | D:1      | 645 ||| READING scroll labelled TOOLAM SEIKKELANN.
   645 | D:1      | 645 ||| ENCHANTING +0 shortbow.
   646 | D:1      | 646 ||| DROPPING scroll of butterflies.
   647 | D:1      | 647 ||| DROPPING potion of lignification.
   702 | D:2      | Reached XP level 3. HP: 18/18 MP: 4/4
  1139 | D:2      | HP: 4/18 [kobold/+0 whip (4)]
  1140 | D:2      | 1140 ||| READING scroll of teleportation.
  1258 | D:2      | Reached skill level 5 in Ranged Weapons
  1314 | D:2      | Reached XP level 4. HP: 20/22 MP: 5/5
  1348 | D:2      | Found a radiant altar of Vehumet.
  1348 | D:2      | Found a sacrificial altar of Ru.
  1348 | D:2      | Found an opulent altar of Gozag.
  1348 | D:2      | Found a basalt altar of Yredelemnul.
  1348 | D:2      | Found an ancient bone altar of Kikubaaqudgha.
  1348 | D:2      | Found a hazy altar of Hepliaklqana.
  1361 | D:2      | Reached XP level 5. HP: 26/26 MP: 6/6
  1480 | D:2      | 1480 ||| READING 4 scrolls of identify.
  1480 | D:2      | 1480 ||| IDENTIFYING metallic orange potion
  1481 | D:2      | 1481 ||| READING 3 scrolls of identify.
  1481 | D:2      | 1481 ||| IDENTIFYING lumpy ruby potion
  1482 | D:2      | 1482 ||| READING 2 scrolls of identify.
  1482 | D:2      | 1482 ||| IDENTIFYING sedimented emerald potion
  1483 | D:2      | 1483 ||| READING scroll of identify.
  1483 | D:2      | 1483 ||| IDENTIFYING green potion
  1484 | D:2      | 1484 ||| READING scroll labelled BUKEBBEABB.
  1669 | D:3      | Found Jepnibut's Jewellery Boutique.
  1682 | D:3      | 1682 ||| SHOPLISTING +6 ring of dexterity (468 gold, have
                  | 121).
  1682 | D:3      | 1682 ||| SHOPLISTING amulet of the acrobat (390 gold, have
                  | 121).
  1682 | D:3      | 1682 ||| SHOPLISTING ring of ice (325 gold, have 121).
  1682 | D:3      | 1682 ||| SHOPLISTING ring of poison resistance (260 gold,
                  | have 121).
  1843 | D:3      | Found a hide-covered altar of Uskayaw.
  1869 | D:3      | Found a faded altar of an unknown god.
  2403 | D:3      | Reached skill level 6 in Ranged Weapons
  2540 | D:3      | 2540 ||| READING scroll of identify.
  2540 | D:3      | 2540 ||| IDENTIFYING sedimented sapphire potion
  2541 | D:3      | 2541 ||| READING scroll labelled TAWUGI EGRUARPH.
  2541 | D:3      | 2541 ||| ENCHANTING +0 shortbow.
  2542 | D:3      | 2542 ||| READING scroll labelled WOINNE VYERU.
  2543 | D:3      | 2543 ||| DROPPING potion of berserk rage.
  2582 | D:4      | Reached XP level 6. HP: 30/30 MP: 7/7
  2704 | D:4      | 2704 ||| STAIRDANCE
  2786 | D:4      | Found a hazy altar of Hepliaklqana.
  2804 | D:4      | Reached skill level 6 in Dodging
  2942 | D:4      | Found a radiant altar of Vehumet.
  2970 | D:4      | Reached skill level 7 in Ranged Weapons
  2970 | D:4      | Reached XP level 7. HP: 35/35 MP: 8/8
  3044 | D:4      | 3044 ||| FLEEEEING.
  3145 | D:4      | Found an ancient bone altar of Kikubaaqudgha.
  3396 | D:4      | Found an ornate altar of the Wu Jian Council.
  3648 | D:4      | 3648 ||| READING 2 scrolls labelled ZEAGIT EWOM.
  3649 | D:4      | 3649 ||| DROPPING scroll of immolation.
  3682 | D:5      | Entered Level 5 of the Dungeon
  3700 | D:5      | Reached skill level 8 in Ranged Weapons
  3716 | D:5      | Found a shadowy altar of Dithmenos.
  3741 | D:5      | Found a staircase to the Ecumenical Temple.
  3742 | D:5      | 3742 ||| PLANNING TEMPLE
  3750 | Temple   | Entered the Ecumenical Temple
  3751 | Temple   | 3751 ||| PLANNING OKAWARU WORSHIP
  3765 | Temple   | Became a worshipper of Warmaster Okawaru
  3766 | Temple   | 3766 ||| PLANNING D:1-11
  3893 | D:5      | Found a blossoming altar of Fedhas.
  3953 | D:5      | HP: 7/35 [burnt (3)]
  3955 | D:5      | HP: 3/35 [burnt (3)]
  3956 | D:5      | HP: 1/35 [burnt (2)]
  3957 | D:5      | Incinerated by a bombardier beetle

Levels and vault maps discovered:
D:1:      amcnicky_arrival_feature_with_door, layout_loops_ring
D:2:      cheibrodos_fertilizer, layout_basic, minmay_tetromino_o2
D:3:      minmay_evil_eye, layout_basic, nicolae_uskayaw_suspiria, serial_shops,
          nicolae_shop_competitors_out_of_business, basic_ecumenical_altar
D:4:      layout_cave_pods, nicolae_overflow_hidden_temple, vehumet_crystals,
          old_standard_altar, lemuel_coloured_pillars_altar
D:5:      layout_basic, nicolae_dithmenos_the_darkroom, kennysheep_mini,
          minmay_temple_entry_statues_fountains, hex_medium,
          minmay_divided_ellipse
Temple:   zaba_magenta_temple

Skill      XL: |  1  2  3  4  5  6  7 |
---------------+----------------------+-----
Dodging        | 3 4 5 6 7 |  7.2
Ranged Weapons | 5 6 7 8 |  8.1
Fighting       | 2 |  2.3
Stealth        | |  1.5

Action                     |  1- 3 |  4- 6 |  7- 9 || total
---------------------------+-------+-------+-------++-------
   Fire: Shortbow          |   141 |   190 |    62 ||   393
    Use: Scroll            |     6 |     8 |     1 ||    15
 Armour: Robe              |    26 |    16 |     6 ||    48
  Dodge: Dodged            |    89 |    96 |    20 ||   205

Table legend:
 A = Non-vault XP
 B = Vault XP
 C = Vault XP percentage of total XP
 D = Non-vault monster count
 E = Vault monster count
 F = Vault count percentage of total count
                 A         B        C        D         E       F
            +---------+---------+-------+---------+---------+-------
      Total |    1107 |     189 |  14.6 |      88 |      25 |  22.1
            +---------+---------+-------+---------+---------+-------
        D:1 |      31 |       0 |   0.0 |      20 |       0 |   0.0
        D:2 |      49 |     117 |  70.5 |      23 |      17 |  42.5
        D:3 |     133 |      22 |  14.2 |      21 |       6 |  22.2
        D:4 |     778 |       0 |   0.0 |      23 |       0 |   0.0
        D:5 |     116 |      50 |  30.1 |       1 |       2 |  66.7
            +---------+---------+-------+---------+---------+-------
